 Dungeon Crawl Stone Soup version 0.27-a0-1590-g15f69828bf (webtiles) character file.

Game seed: 10895869558599984701

491 Sin92 the Poker (level 6, -13/72 HPs)
             Began as a Demonspawn Fighter on July 18, 2021.
             Killed by an exploding kobold (22 damage)
             ... ignited by their inner flame
             ... on level 4 of the Dungeon.
             The game lasted 00:03:05 (4229 turns).

Sin92 the Poker (Demonspawn Fighter)                Turns: 4229, Time: 00:03:05

Health: -13/72     AC: 23    Str: 15 (18) XL:     6   Next: 91%
Magic:  6/6        EV:  2    Int:  7 (10) God:
Gold:   85         SH: 10    Dex: 11 (12) Spells: 5/5 levels left

rFire    . . .     SeeInvis .   a - +1 trident
rCold    . . .     Faith    .   c - +1 kite shield
rNeg     + + +     Spirit   .   (armour currently unavailable)
rPois    +         Reflect  .   (helmet currently unavailable)
rElec    .         Harm     .   (cloak currently unavailable)
rCorr    .         Rampage  .   (gloves currently unavailable)
Will     .....     NoTele   +   (boots currently unavailable)
Stlth    +.........             (no amulet)
HPRegen  0.22/turn              (no ring)
MPRegen  0.10/turn              (no ring)

@: tree-form, attractive
A: stationary, stasis, torment immunity, boosted hp, (horns 2), powered by pain
1, (hooves 1), deterioration 1
a: no special abilities


You were on level 4 of the Dungeon.
You were a tree.
You visited 1 branch of the dungeon, and saw 4 of its levels.

You collected 85 gold pieces.

Inventory:

Hand Weapons
 a - a +1 trident (weapon)
Armour
 b - a +0 scale mail (melded)
 c - a +1 kite shield (worn)
 k - a +0 cloak (melded)
Jewellery
 n - a ring of see invisible
Wands
 o - a wand of flame (7)
Scrolls
 m - a scroll of identify
Potions
 d - a potion of might
 e - 3 potions of curing
 h - a potion of flight


   Skills:
 + Level 4.1 Fighting
 * Level 4.1 Polearms
 + Level 3.8 Armour
 + Level 2.4 Dodging
 + Level 3.7 Shields


You had 5 spell levels left.
You didn't know any spells.
Your spell library contained the following spells:

 Spells                   Type           Power      Damage    Failure   Level
 Foxfire                  Conj/Fire      0%         2x1d4     89%         1
 Conjure Flame            Conj/Fire      0%         6-21      99%         3
 Inner Flame              Hex/Fire       0%         N/A       99%         3
 Ozocubu's Armour         Ice            0%         N/A       99%         3
 Ozocubu's Refrigeration  Ice            0%         4d5       100%        7


Dungeon Overview and Level Annotations

Branches:
Dungeon (4/15)
 Temple: D:4-7

Altars:
Gozag
Trog


Innate Abilities, Weirdness & Mutations

You are a tree.
Your roots penetrate the ground, keeping you stationary.
You cannot be teleported.
You are immune to unholy pain and torment.
Your maximum health is greatly increased.
Your equipment is partially melded.
((You have a pair of horns on your head.))
You sometimes gain a little power by taking damage.
((You have large cloven feet.))
Your body sometimes deteriorates upon taking damage.


Message History

The creatures around you are filled with an inner flame!
It was a scroll of immolation.
An endoplasm comes into view.
The kobold closely misses you. You block the hobgoblin's attack.
It was a potion of attraction.
You feel attractive to monsters.
The endoplasm quivers.
The kobold hits you with a +0 war axe.
The hobgoblin hits you with a +0 quarterstaff.
The endoplasm is pulled toward you!
It was a potion of degeneration.
There was something very wrong with that liquid.
You feel weakened.
You feel dopey.
You feel clumsy. The endoplasm hits you.
The kobold hits you but does no damage. The kobold barely misses you.
The hobgoblin hits you with a +0 quarterstaff.
* * * LOW HITPOINT WARNING * * *
It was a potion of lignification.
You turn into a tree.
Your +0 cloak melds into your body.
Your +0 scale mail melds into your body.
Your roots penetrate the ground.
The endoplasm freezes you.
You are frozen.
* * * LOW HITPOINT WARNING * * *
You block the kobold's attack. The kobold hits you but does no damage.
The hobgoblin hits you but does no damage.
You miss the kobold. The endoplasm freezes you.
You are frozen.
* * * LOW HITPOINT WARNING * * *
You block the kobold's attack. x2
The hobgoblin hits you with a +0 quarterstaff.
* * * LOW HITPOINT WARNING * * *
You block the endoplasm's attack.
You hit the kobold.
Flame seeps out of the kobold.
The kobold is moderately wounded.
The kobold is engulfed in blazing flames.
The kobold explodes!
The fiery explosion engulfs you!!
You die...

#..# #..# # #..#
#_# ..# #... #.##
#/..##..#
#...#gJ######
#§○♣.....#
#§K§.....#
.#........+
...........#
..####......#### #
###.......#
#.+.......#
#.#.......#
#.#######.#.......#


You could see an endoplasm, a hobgoblin (inner flame) and a kobold (inner
flame).

Vanquished Creatures
  A black bear (D:4)
  A sky beast (D:4)
  A hound (D:4)
  2 orc priests (D:4)
  An iguana (D:3)
  An orc wizard (D:4)
  6 adders
  4 gnolls (D:2)
  A worm (D:2)
  A dart slug (D:2)
  3 orcs (D:4)
  9 ball pythons
  7 endoplasms
  3 giant cockroaches
  3 goblins
  6 hobgoblins
  4 jackals (D:4)
  8 kobolds
  5 quokkas
  5 bats
  3 frilled lizards
  6 rats
81 creatures vanquished.

Notes
Turn   | Place    | Note
-------+----------+-------------------------------------------
     0 | D:1      | Sin92 the Demonspawn Fighter began the quest for the Orb.
     0 | D:1      | Reached XP level 1. HP: 18/18 MP: 1/1
   136 | D:1      | Gained mutation: You have a pair of small horns on your
                  | head. [demonic ancestry]
   136 | D:1      | Reached XP level 2. HP: 15/24 MP: 2/2
   289 | D:1      | Found a faded altar of an unknown god.
  1184 | D:2      | Reached XP level 3. HP: 21/29 MP: 3/3
  1356 | D:2      | Reached skill level 1 in Dodging
  1964 | D:2      | Gained mutation: You sometimes gain a little power by
                  | taking damage. [demonic ancestry]
  1964 | D:2      | Reached XP level 4. HP: 35/35 MP: 4/4
  2866 | D:3      | Gained mutation: You have a pair of horns on your head.
                  | [demonic ancestry]
  2866 | D:3      | Reached XP level 5. HP: 15/41 MP: 5/5
  3222 | D:3      | Found an opulent altar of Gozag.
  3831 | D:4      | Gained mutation: You have large cloven feet. [potion of
                  | mutation]
  3831 | D:4      | Gained mutation: Your body sometimes deteriorates upon
                  | taking damage. [potion of mutation]
  4053 | D:4      | Reached XP level 6. HP: 48/48 MP: 6/6
  4097 | D:4      | Noticed a sky beast
  4110 | D:4      | Killed a sky beast
  4206 | D:4      | Found a bloodstained altar of Trog.
  4229 | D:4      | Killed by an exploding kobold... ignited by their inner
                  | flame

Illustrated notes

Levels and vault maps discovered:
D:1:      erik_arrival_cave_to_civilisation [erik_arrival_cave_to_hall],
          layout_loops_ring, ebering_ecumenical_altar_mist, due_unseen_surprise
D:2:      minmay_general_purpose_star, layout_basic, minmay_snake_closets
D:3:      wander_river, layout_loops_cross, nicolae_overflow_hidden_temple,
          minmay_splitting_lines
D:4:      layout_basic, minmay_ruined_shrine

Skill      XL: |  1  2  3  4  5  6 |
---------------+-------------------+-----
Polearms       | 2 3 4 |  4.1
Dodging        | 1 2 |  2.4
Armour         | 3 |  3.8
Shields        | 3 |  3.7
Fighting       | 4 |  4.1

Action                   |  1- 3 |  4- 6 || total
-------------------------+-------+-------++-------
Melee: Trident           |   107 |   170 ||   277
       Headbutt          |     7 |    21 ||    28
       Kick              |       |    15 ||    15
  Use: Scroll            |     3 |     3 ||     6
       Potion            |       |     5 ||     5
Armor: Scale mail        |    24 |    61 ||    85
       Skin              |       |     2 ||     2
Dodge: Dodged            |    12 |    61 ||    73
Block: Kite shield       |    40 |    69 ||   109

Table legend: (Time is in decaauts)
 A = Elapsed time spent in this place.
 B = Non-inter-level travel time spent in this place.
 C = Inter-level travel time spent in this place.
 D = Time resting spent in this place.
 E = Time spent auto-exploring this place.
 F = Levels seen in this place.
 G = Mean time per level.
                   A        B        C        D        E       F      G
               +--------+--------+--------+--------+--------+-----+--------+
         Total |   4353 |   4105 |    248 |    539 |   2980 |   4 | 1088.2 |
       Dungeon |   4353 |   4105 |    248 |    539 |   2980 |   4 | 1088.2 |
               +--------+--------+--------+--------+--------+-----+--------+

Top non-repeatable levels by time:
     D:2: 1665 daAuts
     D:1: 1152 daAuts
     D:3: 1102 daAuts
     D:4: 434 daAuts
